 Seeded DCSS version 0.28-a0-819-g6ef7baa362 (webtiles) character file.

Game seed: 6029590832595441368 (custom seed)

11 cheechan the Chopper (level 2, 5/24 HPs)
             Began as a Palentonga Gladiator on Nov 8, 2021.
             Quit the game on level 1 of the Dungeon.
             The game lasted 00:00:32 (112 turns).

cheechan the Chopper (Palentonga Gladiator)          Turns: 112, Time: 00:00:33

Health: 5/24       AC:  5    Str: 17    XL:     2   Next: 13%
Magic:  2/2        EV: 10    Int:  8    God:
Gold:   16         SH:  0    Dex: 11    Spells: 1/1 levels left

rFire   . . .      SeeInvis +   a - +0 war axe
rCold   . . .      Faith    .   (no shield)
rNeg    . . .      Spirit   .   b - +0 leather armour
rPois   .          Reflect  .   c - +0 helmet
rElec   .          Harm     .   (no cloak)
rCorr   .          Rampage  .   (no gloves)
Will    .....                   (no barding)
Stlth   +.........              (no amulet)
HPRegen 0.08/turn               (no ring)
MPRegen 0.08/turn               (no ring)

@: no status effects
A: large, rugged brown scales 3, see invisible, deformed body, roll 1, armoured
tail
a: Rolling Charge


You were on level 1 of the Dungeon.
You visited 1 branch of the dungeon, and saw 2 of its levels.

You collected 16 gold pieces.

Inventory:

Hand Weapons
 a - a +0 war axe (weapon)
Missiles
 d - 2 throwing nets (quivered)
Armour
 b - a +0 leather armour (worn)
 c - a +0 helmet (worn)


   Skills:
 + Level 2.4 Fighting
 + Level 3.1 Axes
 + Level 1.3 Throwing
 + Level 2.6 Dodging


You had one spell level left.
You didn't know any spells.
Your spell library was empty.

Dungeon Overview and Level Annotations

Branches:
Dungeon (2/15)

Altars:


Innate Abilities, Weirdness & Mutations

You are completely covered in rugged brown scales. (AC +3, +7% HP)
You have supernaturally acute eyesight. (SInv)
Armour fits poorly on your strangely shaped body.
You can roll at nearby foes to attack.
You have a long armoured tail.


Message History

The giant cockroach bites you but does no damage.
You hit the giant cockroach but do no damage.
You tail-slap the giant cockroach.
The giant cockroach is moderately wounded.
The giant cockroach bites you. The dart slug launches a dart at you.
The slug dart misses you. The giant cockroach barely misses you.
You hit the giant cockroach.
Your tail-slap misses the giant cockroach.
The giant cockroach is heavily wounded.
You barely miss the kobold.
The giant cockroach waves its antennae.
The giant cockroach bites you but does no damage.
The kobold hits you but does no damage.
You hit the giant cockroach.
You kill the giant cockroach!
You hit the kobold but do no damage. The kobold barely misses you.
The kobold closely misses you.
You see here a giant cockroach corpse.
Throw: 3 throwing nets
Press: ? - help, Q - select action, (/) - cycle Shift-Dir - straight line, f - dart slug
Aim: a dart slug (93% to hit)
You throw a throwing net. The throwing net hits the dart slug.
The dart slug is caught in the net!
The kobold hits you with a +0 dagger. The dart slug launches a dart at you.
The slug dart hits you.
* * * LOW HITPOINT WARNING * * *
The dart slug struggles against the net.
You hit the dart slug.
The dart slug is severely wounded.
You barely miss the kobold. The kobold hits you but does no damage.
You completely miss the dart slug.
The dart slug is severely wounded.
You hit the kobold.
You kill the kobold!
You have reached level 2!
You hit the dart slug.
You kill the dart slug!
Are you sure you want to abandon this character and quit the game? (Confirm with "yes".)

## #. #.. . ... ########
#.##.##......###########
......... ... .......#
#.##....####.#####.#.#.#
#......@...#.##........#
+........†.'...........†
#........).#.##.##.....#
#....[.....#.##.######.#
#..........#.##.# #..
...........#.##.# #..
.#######...#.##.. #..
#####.#### #.. ..# #.#


There were no monsters in sight!

Vanquished Creatures
  A dart slug (D:1)
  2 endoplasms
  A giant cockroach (D:1)
  2 jackals (D:1)
  A frilled lizard (D:1)
  A kobold (D:1)
8 creatures vanquished.

Notes
Turn   | Place    | Note
-------+----------+-------------------------------------------
     0 | D:1      | cheechan the Palentonga Gladiator began the quest for the
                  | Orb.
     0 | D:1      | Reached XP level 1. HP: 17/17 MP: 1/1
     5 | D:1      | You fall into a shaft and drop 1 floor!
   109 | D:1      | Reached XP level 2. HP: 5/24 MP: 2/2
   112 | D:1      | Quit the game

Illustrated notes

Levels and vault maps discovered:
D:1:      onia_arrival_zoo_common, layout_basic,
          dreamdust_ecumenical_altar_drowned_temple
D:2:      layout_loops_cross

Action                   || total
-------------------------++-------
Melee: War axe           ||    15
       Tailslap          ||     2
Throw: Throwing net      ||     1
Armor: Leather armour    ||    12
Dodge: Dodged            ||    10

Table legend: (Time is in decaauts)
 A = Elapsed time spent in this place.
 B = Non-inter-level travel time spent in this place.
 C = Inter-level travel time spent in this place.
 D = Time resting spent in this place.
 E = Time spent auto-exploring this place.
 F = Levels seen in this place.
 G = Mean time per level.
                   A        B        C        D        E       F      G
               +--------+--------+--------+--------+--------+-----+--------+
         Total |    116 |    116 |      0 |      0 |      0 |   2 |   58.0 |
       Dungeon |    116 |    116 |      0 |      0 |      0 |   2 |   58.0 |
               +--------+--------+--------+--------+--------+-----+--------+

Top non-repeatable levels by time:
     D:1: 61 daAuts
     D:2: 55 daAuts
